 Dungeon Crawl Stone Soup version 0.24-a0-524-gf43b32f898 (webtiles) character file.

Game seed: 17599648399434269458

1153 MirrMurr the Jinx (level 8, -1/37 HPs)
             Began as a Spriggan Enchanter on July 31, 2019.
             Was an Initiate of Gozag.
             Slain by a hippogriff (12 damage)
             ... on level 7 of the Dungeon.
             The game lasted 00:23:38 (9521 turns).

MirrMurr the Jinx (Spriggan Enchanter)              Turns: 9521, Time: 00:23:39

Health: -1/37      AC:  3    Str:  6    XL:     8   Next: 16%
Magic:  15/15      EV: 19    Int: 22    God:    Gozag
Gold:   803        SH:  0    Dex: 16    Spells: 4/15 levels left

rFire    . . .     SeeInvis +   a - +2 dagger (flame)
rCold    . . .     Gourm    .   (shield restricted)
rNeg     . . .     Faith    .   u - +1 robe
rPois    .         Spirit   .   (helmet restricted)
rElec    .         Reflect  .   (no cloak)
rCorr    +         Harm     .   (gloves unavailable)
MR       +....                  (boots unavailable)
Stlth    ++++......             l - amulet of regeneration
HPRegen  0.52/turn              t - ring of resist corrosion
MPRegen  0.14/turn              z - +5 ring of intelligence

@: very quick
A: very small, unfitting armour, see invisible, herbivore, speed 3, slow
metabolism 2
a: Potion Petition, Call Merchant, Bribe Branch, Renounce Religion


You were on level 7 of the Dungeon.
You worshipped Gozag.
Gozag was pleased with you.
You were not hungry.

You visited 2 branches of the dungeon, and saw 8 of its levels.

You collected 833 gold pieces.
You paid 30 gold pieces to Gozag.

Inventory:

Hand Weapons
 a - a +2 dagger of flaming (weapon)
 b - a +4 dagger
 p - a +0 hunting sling
Missiles
 d - 2 throwing nets {!f}
 g - 50 poisoned darts
 i - 223 stones
 k - 9 boomerangs (quivered)
 w - 20 sling bullets
Armour
 u - a +1 robe (worn)
Jewellery
 l - an amulet of regeneration (around neck)
 t - a ring of resist corrosion (left hand)
 z - a +5 ring of intelligence (right hand)
Wands
 f - a wand of polymorph (7)
Scrolls
 e - a scroll of blinking
 j - 3 scrolls of magic mapping
 r - 3 scrolls of remove curse
 x - a scroll of immolation
Potions
 h - a potion of flight
 m - a potion of degeneration {unknown}
 n - a potion of magic
 o - 2 potions of heal wounds
 q - a potion of agility {unknown}
 s - a potion of might {unknown}
 y - 3 potions of brilliance
Comestibles
 c - 5 rations


   Skills:
 + Level 1.4 Fighting
 - Level 5.0 Short Blades
 + Level 4.2 Dodging
 - Level 8.0 Stealth
 - Level 4.1 Spellcasting
 - Level 8.3 Hexes


You had 4 spell levels left.
You knew the following spells:

 Your Spells              Type           Power        Failure   Level  Hunger
a - Ensorcelled Hibernat  Hex/Ice        ###...       3%          2    #......
b - Confuse               Hex            #####...     1%          3    ##.....
c - Tukima's Dance        Hex            #####...     1%          3    ##.....
d - Dazzling Spray        Conj/Hex       ###...       6%          3    ##.....

Your spell library contained the following spells:

 Spells                   Type           Power        Failure   Level  Hunger
 Corona                   Hex            #####..      1%          1    None


Dungeon Overview and Level Annotations

Branches:
Dungeon (7/15)             Temple (1/1) D:5

Altars:
Cheibriados
Elyvilon
Gozag
Nemelex Xobeh

Annotations:
D:3 3 runed translucent doors, Mithandil's ghost, amateur DECj
D:7 Dowan; Duvessa; Joseph


Innate Abilities, Weirdness & Mutations

You are very small and have problems with some larger weapons.
You are too small for most types of armour.
You have supernaturally acute eyesight. (SInv)
You are a herbivore.
You cover ground extremely quickly.
You need to consume almost no food.


Message History

There is a stone staircase leading down here.
You start resting.
HP restored.
You start resting.
Magic restored.
You climb downwards.
Level annotation: Dowan; Duvessa; Joseph Joseph unwields a +0 quarterstaff.
Joseph wields a +1 hunting sling of freezing.
It is covered in frost.
Joseph shoots a sling bullet.
The sling bullet hits you! The sling bullet freezes you.
The hippogriff bites you!
* * * LOW HITPOINT WARNING * * *
The hippogriff closely misses you. x2
There is a stone staircase leading up, spattered with blood here.
You see here a sling bullet.
Joseph shoots a sling bullet.
The sling bullet completely misses you. The hippogriff bites you!
You die...
Your body crumbles into a pile of gold.

### ##.#
#######..############ .
..................... .
####.##H..###.....## #
####.@..$.@#.# #.....#
#######(.(......##.# #.....#
#.......$.......##.# ##.####
...#######..##..##.# #.#
.### ##...##.###.####.####
.# ###.....#......#......#
.### #)..$.................#
...###.....................#
...#...$.....%.............#


You could see Joseph and a hippogriff.

Vanquished Creatures
  A hippogriff (D:6)
  An orc warrior (D:7)
  A sky beast (D:6)
  A scorpion (D:6)
  2 electric eels (D:6)
  3 crimson imps (D:6)
  A jelly (D:7)
  An orc priest (D:6)
  2 hounds (D:6)
  2 orc wizards
  2 iguanas
  3 worker ants
  A worker ant zombie (D:5)
  A howler monkey zombie (D:6)
  Robin (D:4)
  5 adders
  5 gnolls
  An ooze (D:1)
  An adder skeleton (D:4)
  An adder zombie (D:6)
  A dart slug (D:1)
  4 leopard geckos
  14 orcs
  6 ball pythons
  4 giant cockroaches
  18 goblins
  10 hobgoblins
  6 jackals (D:1)
  5 kobolds
  4 quokkas
  4 bats (D:2)
  3 frilled lizards
  A giant cockroach zombie (D:5)
  A jackal skeleton (D:6)
  A leopard gecko zombie (D:6)
  8 rats
126 creatures vanquished.

Vanquished Creatures (collateral kills)
  2 gnolls (D:6)
2 creatures vanquished.

Vanquished Creatures (others)
  A dancing weapon (D:6)
  A plant (D:1)
2 creatures vanquished.

Grand Total: 130 creatures vanquished

Notes
Turn   | Place    | Note
-------+----------+-------------------------------------------
     0 | D:1      | MirrMurr the Spriggan Enchanter began the quest for the
                  | Orb.
     0 | D:1      | Reached XP level 1. HP: 9/9 MP: 5/5
   839 | D:1      | Reached skill level 5 in Stealth
   839 | D:1      | Reached XP level 2. HP: 10/13 MP: 4/6
   913 | D:1      | Learned a level 2 spell: Ensorcelled Hibernation
  1843 | D:1      | Reached XP level 3. HP: 16/16 MP: 8/8
  2984 | D:2      | Found an opulent altar of Gozag.
  2995 | D:2      | Became a worshipper of Gozag Ym Sagoz the Greedy
  3681 | D:3      | Reached XP level 4. HP: 21/21 MP: 1/9
  3758 | D:3      | Found a runed translucent gate.
  3759 | D:3      | Found a runed translucent gate.
  3759 | D:3      | Found a runed translucent gate.
  3761 | D:3      | Noticed Mithandil's ghost (amateur DECj)
  4866 | D:4      | Noticed a phantom
  4904 | D:4      | Learned a level 3 spell: Confuse
  4977 | D:4      | HP: 1/21 [poisoned by an adder]
  5392 | D:4      | Reached XP level 5. HP: 24/24 MP: 7/10
  5558 | D:4      | Noticed Robin
  6146 | D:4      | Learned a level 3 spell: Tukima's Dance
  6275 | D:4      | Killed Robin
  6693 | D:5      | Entered Level 5 of the Dungeon
  6780 | D:5      | Reached XP level 6. HP: 26/28 MP: 6/11
  7034 | D:5      | Found a white marble altar of Elyvilon.
  7128 | D:5      | Found a staircase to the Ecumenical Temple.
  7137 | Temple   | Entered the Ecumenical Temple
  7826 | D:5      | Reached skill level 5 in Short Blades
  8372 | D:6      | Reached skill level 5 in Hexes
  8481 | D:6      | Noticed a sky beast
  8493 | D:6      | Killed a sky beast
  8493 | D:6      | Reached XP level 7. HP: 32/32 MP: 7/13
  8667 | D:6      | Learned a level 3 spell: Dazzling Spray
  8941 | D:7      | Noticed Duvessa
  8941 | D:7      | Noticed Dowan
  8941 | D:7      | Noticed a hippogriff
  8995 | D:7      | Noticed Joseph
  9001 | D:7      | Noticed a hippogriff
  9123 | D:6      | Killed a hippogriff
  9189 | D:7      | Reached skill level 1 in Fighting
  9189 | D:7      | Reached XP level 8. HP: 37/37 MP: 12/15
  9521 | D:7      | Slain by a hippogriff

Levels and vault maps discovered:
D:1:      dpeg_arrival_castle, layout_loops_corners, serial_bayou_pond_c
D:2:      layout_basic, st_stairs_12, nicolae_gozag_seed_capital
D:3:      corexii_shack_village, layout_basic, ebering_ghost_rock_garden,
          first_ration
D:4:      layout_basic, uniq_robin
D:5:      layout_rooms, lemuel_temple_firewalk_b, minmay_misc_feat_room,
          lemuel_statue_altar
D:6:      layout_cave_pools, serial_bayou_pond_b, chequers_garden,
          minmay_crystal_room
D:7:      layout_rooms, grunt_livestock, nemelex_diamond_rough_becter,
          uniq_duvessa, uniq_joseph
Temple:   regret_index_temple_sigil_plot

Skill      XL: |  1  2  3  4  5  6  7  8 |
---------------+-------------------------+-----
Stealth        | 5 6 7 8 |  8.0
Short Blades   | 2 3 4 5 |  5.0
Spellcasting   | 3 4 |  4.1
Hexes          | 5 8 |  8.3
Fighting       | 1 |  1.4
Dodging        | 4 |  4.2

Action                   |  1- 3 |  4- 6 |  7- 9 || total
-------------------------+-------+-------+-------++-------
Melee: Dagger            |   164 |   156 |    68 ||   388
       Unarmed           |       |     1 |       ||     1
 Fire: Hunting sling     |       |       |     1 ||     1
 Cast: Corona            |     6 |       |       ||     6
       Ensorcelled Hiber |    17 |    71 |    18 ||   106
       Confuse           |       |    19 |    12 ||    31
       Tukima's Dance    |       |       |     2 ||     2
Invok: Potion Petition   |       |     1 |       ||     1
  Use: Scroll            |     6 |     8 |     1 ||    15
       Potion            |       |     1 |     1 ||     2
 Stab: Sleeping          |    25 |    36 |     9 ||    70
       Distracted        |     2 |       |     1 ||     3
       Confused          |       |     4 |     2 ||     6
       Invisible         |       |     2 |       ||     2
  Eat: Ration            |     1 |     5 |     1 ||     7
Armor: Robe              |    25 |    13 |     5 ||    43
Dodge: Dodged            |   126 |   139 |    76 ||   341

Table legend:
 A = Non-vault XP
 B = Vault XP
 C = Vault XP percentage of total XP
 D = Non-vault monster count
 E = Vault monster count
 F = Vault count percentage of total count
                 A         B        C        D         E       F
            +---------+---------+-------+---------+---------+-------
      Total |    1559 |      89 |   5.4 |     106 |      22 |  17.2
            +---------+---------+-------+---------+---------+-------
        D:1 |      48 |       0 |   0.0 |      23 |       0 |   0.0
        D:2 |      37 |       2 |   5.1 |      17 |       2 |  10.5
        D:3 |      52 |      16 |  23.5 |      10 |       8 |  44.4
        D:4 |     182 |      31 |  14.6 |      12 |      10 |  45.5
        D:5 |      84 |       0 |   0.0 |      13 |       0 |   0.0
        D:6 |     920 |      40 |   4.2 |      25 |       2 |   7.4
        D:7 |     236 |       0 |   0.0 |       6 |       0 |   0.0
            +---------+---------+-------+---------+---------+-------
